 Dungeon Crawl Stone Soup version 0.29.1-2-gbd0b4ee654 (webtiles) character file.

Game seed: 9761975024532561915

21587 warriortoast the Covert (level 12, -9/60 HPs)
             Began as a Spriggan Enchanter on Nov 19, 2022.
             Was an Elder of Fedhas.
             Killed from afar by Azrael (23 damage)
             ... with damnation
             ... on level 12 of the Dungeon.
             The game lasted 01:17:18 (24582 turns).

warriortoast the Covert (Spriggan Enchanter)       Turns: 24582, Time: 01:17:18

Health: -9/60      AC:  4    Str:  6    XL:     12   Next: 55%
Magic:  24/25      EV: 24    Int: 18    God:    Fedhas [****..]
Gold:   1471       SH:  0    Dex: 17    Spells: 16/27 levels left

rFire   . . .      SeeInvis +   s - +5 dagger
rCold   + . .      Faith    .   (no shield)
rNeg    . . .      Spirit   .   b - +0 robe
rPois   +          Reflect  .   (helmet restricted)
rElec   .          Harm     .   i - +1 cloak {rPois}
rCorr   .          Rampage  .   (gloves unavailable)
Will    ++...                   (boots unavailable)
Stlth   ++++++....              D - amulet of magic regeneration
HPRegen 0.20/turn               x - ring of protection from cold
MPRegen 0.59/turn               R - +4 ring of slaying

@: very quick
A: very small, no large weapons, unfitting armour, see invisible, speed 3
a: Renounce Religion, Wall of Briars, Grow Ballistomycete, Overgrow


You were on level 12 of the Dungeon.
You worshipped Fedhas.
Fedhas was greatly pleased with you.
You visited 3 branches of the dungeon, and saw 15 of its levels.
You also visited: Sewer.

You collected 1471 gold pieces.

Inventory:

Hand Weapons
 a - a +1 dagger of venom
 e - a +0 shortbow
 s - a +5 dagger (weapon)
 M - a +5 short sword
Missiles
 d - 49 poisoned darts (quivered)
Armour
 b - a +0 robe (worn)
 i - a +1 cloak of poison resistance (worn)
 w - a scarf of resistance
Jewellery
 g - a +4 ring of evasion
 x - a ring of protection from cold (left hand)
 D - an amulet of magic regeneration (around neck)
 I - an amulet of the acrobat
 R - a +4 ring of slaying (right hand)
 S - the ring "Vapn" {Contam rPois rF+ rN++ rCorr}
   (You found it on level 8 of the Dungeon)

   [ring of resist corrosion]

   rF:        It protects you from fire.
   rPois:     It protects you from poison.
   rN:        It greatly protects you from negative energy.
   Contam:    It causes magical contamination when unequipped.
   rCorr:     It protects you from acid and corrosion.
Wands
 E - a wand of flame (13)
 G - a wand of roots (9)
 U - a wand of mindburst (6)
 X - a wand of paralysis (9)
Scrolls
 o - 2 scrolls of fear
 p - a scroll of teleportation
 r - 5 scrolls of magic mapping
 t - 5 scrolls of enchant weapon
 y - a scroll of silence
 N - a scroll of enchant armour
 P - a scroll of vulnerability
 V - a scroll of fog
Potions
 c - 3 potions of invisibility
 f - a potion of resistance
 h - a potion of mutation
 j - 2 potions of lignification
 k - 4 potions of flight
 l - 3 potions of attraction
 m - a potion of cancellation {unknown}
 q - a potion of berserk rage
 v - 7 potions of heal wounds
 z - a potion of might
 A - 6 potions of curing
 B - 2 potions of ambrosia
 F - 2 potions of magic
 O - 3 potions of brilliance


   Skills:
 - Level 5.0 Fighting
 + Level 9.2 Short Blades
 + Level 8.8 Ranged Weapons
 + Level 10.1 Dodging
 + Level 14.3 Stealth
 - Level 8.0 Spellcasting
 - Level 8.0 Hexes
 + Level 6.6 Invocations
 - Level 5.0 Evocations


You had 16 spell levels left.
You knew the following spells:

 Your Spells              Type           Power      Damage    Failure   Level
a - Ensorcelled Hibernat  Hex/Ice        42%        N/A       2%          2
b - Confusing Touch       Hex            36%        N/A       1%          3
c - Tukima's Dance        Hex            36%        N/A       1%          3
d - Dazzling Flash        Conj/Hex       42%        N/A       5%          3

Your spell library contained the following spells:

 Spells                   Type           Power      Damage    Failure   Level
 Portal Projectile        Hex/Tloc       42%        N/A       5%          3
 Summon Guardian Golem    Hex/Summ       21%        N/A       5%          3
 Static Discharge         Conj/Air       7%         3-4/arc   14%         2
 Gell's Gravitas          Tloc           7%         N/A       28%         3
 Lesser Beckoning         Tloc           7%         N/A       28%         3
 Ozocubu's Armour         Ice            7%         N/A       28%         3
 Teleport Other           Tloc           7%         N/A       28%         3
 Metabolic Englaciation   Hex/Ice        10%        N/A       45%         5
 Dispel Undead            Necr           7%         3d8       67%         4
 Sticky Flame             Conj/Fire      7%         2d3       67%         4
 Alistair's Intoxication  Tmut/Pois      4%         N/A       95%         5
 Blade Hands              Tmut           3%         N/A       95%         5
 Borgnjor's Vile Clutch   Necr/Erth      3%         N/A       95%         5
 Eringya's Noxious Bog    Tmut/Pois      3%         N/A       100%        6
 Simulacrum               Ice/Necr       3%         N/A       100%        6
 Orb of Destruction       Conj           3%         9d5       100%        7
 Spellforged Servitor     Conj/Summ      3%         N/A       100%        7


Dungeon Overview and Level Annotations

Branches:
Dungeon (12/15)            Temple (1/1) D:6            Lair (2/5) D:11
  Swamp (0/4) Lair:2        Sewer (visited)
  Snake: Lair:2-3    Spider: Lair:2-3       Orc: D:9-12

Altars:
Dithmenos
Elyvilon
Fedhas
Gozag
Hepliaklqana
Qazlal
Ru
Sif Muna
Trog
Uskayaw
Vehumet
Wu Jian
The Shining One

Shops:
D:4 :

Annotations:
D:12 Azrael


Innate Abilities, Weirdness & Mutations

You are very small and have problems with some larger weapons.
You are too small for most types of armour.
You have supernaturally acute eyesight. (SInv)
You cover ground extremely quickly. (Speed+++)


Message History

Your hands begin to glow red.
The hell hound barely misses you.
You hit the hell hound but do no damage.
The hell hound appears confused.
Casting: Confusing Touch (safe; 1% risk of failure)
Confirm with . or Enter, or press ? or * to list all spells.
Your hands begin to glow red.
The hell hound completely misses you.
The hell hound bites the hell hound.
You hit the hell hound but do no damage.
The hell hound appears confused.
The hell hound is lightly wounded.
The hell hound closely misses you.
You hit the hell hound.
The hell hound is moderately wounded.
You hit the hell hound but do no damage.
The hell hound is moderately wounded.
The hell hound closely misses you.
You strike the helpless hell hound from behind!
You spit the hell hound like a pig!!!
You kill the hell hound!
Fedhas accepts your kill. The hell hound completely misses you.
You hit the hell hound.
The hell hound is lightly wounded.
Azrael gestures at you.
The bolt of fire hits the hell hound.
The hell hound completely resists.
The bolt of fire misses you. Azrael gestures at you.
The bolt of fire hits the hell hound.
The hell hound completely resists.
The bolt of fire hits you!!
Ouch! That really hurt!
* * * LOW HITPOINT WARNING * * *
A briar patch grows up from the ground. x3
You walk carefully through the plants.
The hell hound bites your briar patch but does no damage.
The hell hound bites your briar patch.
The hell hound closely misses Azrael.
Azrael gestures at you.
The sphere of damnation explodes!
The damnation engulfs you!!
You die...
Fedhas appreciates your contribution to the ecosystem.

###...## #.#
....h## #####.####
####.# #........#
#E# #.###.##.#
##○## #.# #.##.#
##..○## #.# #.##.#
##...☼.###.# #....#
#...<☼..##.###.#..#
..h..°...#.##...@.#
......h..'.....)..#
...R..h..####....##
#...°○..## ###P#.#
##....°## #.P.P.#
##...## #h#####
##'## ###R# ..
R.#.# #.#.#


You could see Azrael and a hell hound (confused, ally target).

Vanquished Creatures
  Nessos (D:12)
  3 hydras
  A two-headed ogre (D:11)
  A deep elf pyromancer (D:9)
  2 elephants
  3 cyclopes (D:11)
  A black mamba (Lair:1)
  2 cane toads
  A kobold demonologist (D:11)
  2 rime drakes
  5 komodo dragons
  Prince Ribbit (D:7)
  Grinder (D:5)
  3 wyverns
  4 wraiths
  21 yaks
  Eustachio (D:5)
  2 fire elementals
  2 vampire mosquitoes (D:10)
  Menkaure (D:5)
  11 water moccasins
  2 hell hounds
  Pargi (Sewer)
  4 black bears
  A sky beast (D:6)
  An ice beast (D:5)
  2 ogres
  9 wolves
  3 centaurs
  5 kobold brigands
  10 bullfrogs
  4 gnoll sergeants
  9 wights
  Dowan (D:4)
  13 killer bees
  A howler monkey (D:5)
  5 hounds
  A jelly (D:4)
  A gnoll bouda (D:5)
  4 orc priests
  5 iguanas
  3 orc wizards
  Natasha (twice) (D:4)
  Robin (D:1)
  23 gnolls
  9 adders
  2 shadow imps (D:6)
  A white imp (D:8)
  2 ufetubi (D:6)
  A worm (D:5)
  A dart slug (D:1)
  25 orcs
  5 endoplasms
  4 giant cockroaches
  17 goblins
  9 hobgoblins
  5 quokkas
  9 ball pythons
  4 bats
  7 frilled lizards
  31 kobolds
  6 rats
318 creatures vanquished.

Vanquished Creatures (collateral kills)
  2 hydras (Lair:1)
  Duvessa (D:4)
  3 wolves (Lair:1)
6 creatures vanquished.

Vanquished Creatures (others)
  A goblin (D:2)
  53 fungi
  53 plants
107 creatures vanquished.

Grand Total: 431 creatures vanquished

Notes
Turn   | Place    | Note
-------+----------+-------------------------------------------
     0 | D:1      | warriortoast the Spriggan Enchanter began the quest for the
                  | Orb.
     0 | D:1      | Reached XP level 1. HP: 9/9 MP: 5/5
   439 | D:1      | Reached XP level 2. HP: 9/13 MP: 6/6
   690 | D:1      | Learned a level 2 spell: Ensorcelled Hibernation
  1230 | D:1      | Reached XP level 3. HP: 9/16 MP: 5/8
  1543 | D:2      | Noticed Robin
  1672 | D:1      | Reached skill level 5 in Stealth
  1676 | D:1      | Learned a level 3 spell: Confusing Touch
  1680 | D:1      | Learned a level 3 spell: Tukima's Dance
  1807 | D:1      | Killed Robin
  2204 | D:2      | Reached XP level 4. HP: 17/21 MP: 10/10
  2569 | D:3      | Identified a scroll of acquirement
  2569 | D:3      | Acquired 735 gold pieces
  2628 | D:3      | Found a glowing drain.
  2660 | Sewer    | Entered a sewer
  2744 | Sewer    | Noticed Pargi
  2761 | Sewer    | Killed Pargi
  2762 | Sewer    | Reached XP level 5. HP: 24/24 MP: 1/12
  3111 | D:3      | Found a faded altar of an unknown god.
  3518 | D:3      | Found a hide-covered altar of Uskayaw.
  3537 | D:3      | Reached skill level 6 in Stealth
  3943 | D:4      | Reached XP level 6. HP: 10/28 MP: 3/13
  4293 | D:4      | Reached skill level 1 in Ranged Weapons
  4415 | D:4      | Noticed Natasha
  4424 | D:4      | Killed Natasha
  4425 | D:4      | Reached skill level 5 in Hexes
  4528 | D:4      | Found an ornate altar of the Wu Jian Council.
  4730 | D:4      | Noticed Dowan
  4731 | D:4      | Noticed Duvessa
  4817 | D:4      | Killed Duvessa
  4818 | D:4      | Reached XP level 7. HP: 10/32 MP: 4/15
  5058 | D:4      | Killed Dowan
  5059 | D:4      | Reached skill level 5 in Dodging
  5101 | D:4      | Noticed Natasha
  5107 | D:4      | Killed Natasha
  5151 | D:4      | Found Onarghet's Vocational Training.
  5423 | D:5      | Entered Level 5 of the Dungeon
  5447 | D:5      | Noticed Menkaure
  5465 | D:5      | Killed Menkaure
  5466 | D:5      | Reached skill level 7 in Stealth
  5466 | D:5      | Reached skill level 5 in Spellcasting
  5997 | D:5      | Found a radiant altar of Vehumet.
  6456 | D:5      | Reached XP level 8. HP: 26/36 MP: 11/17
  6606 | D:5      | Noticed Eustachio
  6616 | D:5      | Killed Eustachio
  6983 | D:5      | Noticed Grinder
  7001 | D:5      | Killed Grinder
  7002 | D:5      | Reached skill level 8 in Stealth
  8078 | D:6      | Reached skill level 5 in Short Blades
  8419 | D:6      | Reached XP level 9. HP: 15/39 MP: 7/19
  8607 | D:6      | Found a staircase to the Ecumenical Temple.
  8631 | Temple   | Entered the Ecumenical Temple
  8679 | Temple   | Became a worshipper of Fedhas Madash
  8776 | D:6      | Reached skill level 9 in Stealth
 10203 | D:7      | Reached * piety under Fedhas
 10537 | D:7      | Noticed Prince Ribbit
 10543 | D:7      | Killed Prince Ribbit
 10544 | D:7      | Reached skill level 5 in Ranged Weapons
 10544 | D:7      | Reached skill level 10 in Stealth
 11624 | D:7      | Found a stormy altar of Qazlal.
 11657 | D:7      | Reached ** piety under Fedhas
 12237 | D:8      | Reached skill level 1 in Fighting
 12561 | D:8      | Reached skill level 1 in Evocations
 12561 | D:8      | Reached XP level 10. HP: 36/46 MP: 15/22
 12874 | D:8      | Reached skill level 1 in Invocations
 13736 | D:8      | Noticed a two-headed ogre
 13738 | D:8      | Noticed a centaur warrior
 13738 | D:8      | Noticed a white ugly thing
 13738 | D:8      | Noticed a two-headed ogre
 13781 | D:8      | Noticed a catoblepas
 13810 | D:8      | Identified the ring "Vapn" {Contam rPois rF+ rN++ rCorr}
 13974 | D:8      | Reached skill level 11 in Stealth
 14109 | D:9      | Noticed a deep elf pyromancer
 14156 | D:9      | Killed a deep elf pyromancer
 14621 | D:9      | You fall into a shaft and drop 1 floor!
 14621 | D:10     | Entered Level 10 of the Dungeon
 14621 | D:10     | Found an opulent altar of Gozag.
 14621 | D:10     | Found a shadowy altar of Dithmenos.
 14621 | D:10     | Found a faded altar of an unknown god.
 14621 | D:10     | Found a faded altar of an unknown god.
 14621 | D:10     | Found a bloodstained altar of Trog.
 14716 | D:9      | Reached *** piety under Fedhas
 15727 | D:10     | Found a sacrificial altar of Ru.
 16589 | D:11     | Noticed a sun demon
 16696 | D:11     | Reached XP level 11. HP: 46/52 MP: 20/24
 16699 | D:11     | Found a staircase to the Lair.
 16905 | D:11     | Reached skill level 12 in Stealth
 16905 | D:11     | Reached skill level 5 in Evocations
 17090 | D:11     | Noticed a four-headed hydra
 17092 | D:11     | Killed a four-headed hydra
 17171 | D:11     | Noticed a two-headed ogre
 17178 | D:11     | Killed a two-headed ogre
 17357 | D:11     | Reached **** piety under Fedhas
 17536 | Lair:1   | Entered Level 1 of the Lair of Beasts
 17622 | D:12     | Noticed Azrael
 18033 | Lair:1   | Identified the +10 trident of Hasiuddu {freeze, Will++}
 18042 | Lair:1   | Noticed an eight-headed hydra
 18527 | Lair:1   | Noticed a six-headed hydra
 18762 | Lair:1   | Reached skill level 13 in Stealth
 18762 | Lair:1   | Reached skill level 5 in Invocations
 19077 | Lair:1   | Killed a six-headed hydra
 19640 | Lair:1   | Killed an eight-headed hydra
 20182 | Lair:2   | Noticed a four-headed hydra
 20185 | Lair:2   | Reached XP level 12. HP: 55/59 MP: 12/25
 20552 | Lair:2   | Reached skill level 5 in Fighting
 20863 | Lair:1   | Killed a four-headed hydra
 20949 | Lair:2   | Noticed a six-headed hydra
 21120 | Lair:1   | Killed a six-headed hydra
 21638 | Lair:2   | Found a staircase to the Swamp.
 22081 | Lair:2   | Reached skill level 14 in Stealth
 23634 | D:11     | Learned a level 3 spell: Dazzling Flash
 24267 | D:12     | Noticed Nessos
 24310 | D:12     | Killed Nessos
 24311 | D:12     | Reached skill level 10 in Dodging
 24582 | D:12     | Killed from afar by Azrael

Illustrated notes

Levels and vault maps discovered:
D:1:      tarquinn_simple_flora_water_c, layout_basic
D:2:      layout_rooms, uniq_robin
D:3:      layout_loops_cross, general_overflow_altar, portal_sewer_entry_a,
          shapermc_ecumenical_altar_mp_urbaneastern, corexii_corridor_pit,
          serial_bayou_pond_a, grunt_ministairs_13
D:4:      minmay_inner_zag, layout_loops_cross, lemuel_coloured_pillars_altar,
          nicolae_shop_vocational, uniq_duvessa, uniq_natasha
D:5:      layout_gridville, lemuel_crystal_altar, uniq_menkaure, uniq_eustachio,
          uniq_grinder
D:6:      layout_rooms, minmay_temple_entry_mini_moons,
          kennysheep_generic_room_6
D:7:      layout_layer_cave, nicolae_qazlal_eye_of_the_storm,
          uniq_prince_ribbit1
D:8:      layout_basic, minivault_12
D:9:      layout_cave_pools, serial_column_ruins, column_ruins_hut,
          column_ruins_columns_straight, column_ruins_open_tiny,
          column_ruins_corridor_straight, column_ruins_grid_1,
          column_ruins_grid_1, column_ruins_open_small, column_ruins_grid_3
D:10:     layout_basic, mainiacjoe_overflow_cross_hatched,
          chequers_temple_overflow_minitemple
D:11:     layout_gridville, due_lair_maze_entry_diamond
D:12:     layout_loops_corners, erik_orc_2, nicolae_uskayaw_suspiria,
          uniq_nessos, uniq_azrael, uniq_psyche
Temple:   nicolae_temple_superstar
Lair:1:   layout_roguey
Lair:2:   layout_misc_corridors, minmay_swamp_entry_reptiles,
          minmay_snake_entry_guardpost_small, grunt_megastairs_5, uniq_maggie

Skill      XL: |  1  2  3  4  5  6  7  8  9 10 11 12 |
---------------+-------------------------------------+-----
Dodging        | 3 4 5 6 8 10 | 10.1
Spellcasting   | 3 4 5 6 7 8 |  8.0
Hexes          | 4 5 7 8 |  8.0
Stealth        | 5 6 7 8 10 11 13 14 | 14.3
Short Blades   | 2 3 4 5 6 8 9 |  9.2
Ranged Weapons | 1 2 4 5 6 8 |  8.8
Fighting       | 1 3 4 5 |  5.0
Evocations     | 1 4 5 |  5.0
Invocations    | 3 5 6 |  6.6

Action                   |  1- 3 |  4- 6 |  7- 9 | 10-12 || total
-------------------------+-------+-------+-------+-------++-------
Melee: Dagger            |   137 |    96 |   260 |   462 ||   955
       Punch             |     1 |     1 |     4 |     6 ||    12
       Short sword       |       |       |   100 |    24 ||   124
       Trident           |       |       |       |     4 ||     4
 Fire: Sling             |    25 |    43 |    15 |       ||    83
       Shortbow          |       |       |    36 |   257 ||   293
Throw: Dart              |     4 |       |       |       ||     4
 Cast: Ensorcelled Hiber |    23 |    27 |    49 |    21 ||   120
       Confusing Touch   |       |     5 |    53 |    86 ||   144
       Tukima's Dance    |       |     1 |       |       ||     1
Invok: Wall of Briars    |       |       |       |     6 ||     6
Evoke: Wand              |       |       |     2 |     8 ||    10
  Use: Scroll            |       |     2 |    10 |    14 ||    26
       Potion            |       |       |     1 |       ||     1
 Stab: Sleeping          |    16 |    19 |    41 |    19 ||    95
       Confused          |       |     4 |    25 |    67 ||    96
       Distracted        |       |     1 |       |     1 ||     2
       Invisible         |       |       |     3 |       ||     3
Armor: Robe              |    19 |    10 |    10 |    28 ||    67
Dodge: Dodged            |   193 |    95 |   293 |   399 ||   980
